 Dungeon Crawl Stone Soup version 0.26-a0-712-ga5a9c9c9d0 (webtiles) character file.

Game seed: 11160940265510846083

4 tilp the Sneak (level 1, -3/9 HPs)
             Began as a Spriggan Enchanter on Nov 7, 2020.
             Slain by a leopard gecko (4 damage)
             ... on level 1 of the Dungeon.
             The game lasted 00:01:02 (548 turns).

tilp the Sneak (Spriggan Enchanter)                  Turns: 548, Time: 00:01:03

Health: -3/9       AC:  2    Str:  4    XL:     1   Next: 58%
Magic:  5/5        EV: 18    Int: 16    God:
Gold:   25         SH:  0    Dex: 16    Spells: 4/5 levels left

rFire    . . .     SeeInvis +   a - +1 dagger
rCold    . . .     Faith    .   (shield restricted)
rNeg     . . .     Spirit   .   b - +0 robe
rPois    .         Reflect  .   (helmet restricted)
rElec    .         Harm     .   (no cloak)
rCorr    .         Rampage  .   (gloves unavailable)
MR       .....                  (boots unavailable)
Stlth    +++.......             (no amulet)
HPRegen  0.03/turn              (no ring)
MPRegen  0.09/turn              (no ring)

@: very quick
A: very small, unfitting armour, see invisible, speed 3
a: no special abilities


You were on level 1 of the Dungeon.
You visited 1 branch of the dungeon, and saw 1 of its levels.

You collected 25 gold pieces.

Inventory:

Hand Weapons
 a - a +1 dagger (weapon)
Missiles
 c - 19 stones (quivered)
Armour
 b - a +0 robe (worn)
Scrolls
 d - a scroll of identify {unknown}
Potions
 e - a potion of curing {unknown}


   Skills:
 + Level 1.5 Short Blades
 - Level 3.0 Dodging
 + Level 4.7 Stealth
 - Level 2.6 Spellcasting
 - Level 3.6 Hexes


You had 4 spell levels left.
You knew the following spells:

 Your Spells              Type           Power        Failure   Level
a - Corona                Hex            ##.....      4%          1

Your spell library contained the following spells:

 Spells                   Type           Power        Failure   Level
 Confusing Touch          Hex            ##......     13%         3
 Tukima's Dance           Hex            ##......     13%         3
 Ensorcelled Hibernation  Hex/Ice        #.....       14%         2
 Dazzling Flash           Conj/Hex       #.....       28%         3


Dungeon Overview and Level Annotations

Branches:
Dungeon (1/15)

Altars:


Innate Abilities, Weirdness & Mutations

You are very small and have problems with some larger weapons.
You are too small for most types of armour.
You have supernaturally acute eyesight. (SInv)
You cover ground extremely quickly.


Message History

The stone hits the leopard gecko but does no damage.
The leopard gecko closely misses you.
You barely miss the leopard gecko. The leopard gecko barely misses you.
You hit the leopard gecko.
The leopard gecko is heavily wounded.
The leopard gecko closely misses you.
You closely miss the leopard gecko.
The leopard gecko is heavily wounded.
The leopard gecko stops glowing.
The leopard gecko bites you.
You hit the leopard gecko.
The leopard gecko is severely wounded.
The leopard gecko misses you.
You hit the leopard gecko.
The leopard gecko is almost dead.
The leopard gecko bites you.
* * * LOW HITPOINT WARNING * * *
You closely miss the leopard gecko.
The leopard gecko is almost dead.
The leopard gecko bites you.
You die...

#.#.......# #.......#.#
#.#####..##.#.#
##+##........##.#.#
##...#######.###.#.#
.##.....## #.......#
.........## ##.##.###
...)......####...#.######
.(...((l@.'.)............
...>......####......#####
.........## ##......#
.##.....## #.......#
##...## ##.....## ##+#
##...## ##.## #.# #.


You could see a leopard gecko.

Vanquished Creatures
  A ball python (D:1)
  A goblin (D:1)
  2 bats (D:1)
  A kobold (D:1)
5 creatures vanquished.

Notes
Turn   | Place    | Note
-------+----------+-------------------------------------------
     0 | D:1      | tilp the Spriggan Enchanter began the quest for the Orb.
     0 | D:1      | Reached XP level 1. HP: 9/9 MP: 5/5
   548 | D:1      | Slain by a leopard gecko

Illustrated notes

Levels and vault maps discovered:
D:1:      shiori_arrival_elements, layout_loops_corners

Action                   || total
-------------------------++-------
Melee: Dagger            ||    23
Throw: Stone             ||     9
 Cast: Corona            ||     7
 Stab: Sleeping          ||     1
Armor: Robe              ||     1
Dodge: Dodged            ||    29

Table legend: (Time is in decaauts)
 A = Elapsed time spent in this place.
 B = Non-inter-level travel time spent in this place.
 C = Inter-level travel time spent in this place.
 D = Time resting spent in this place.
 E = Time spent auto-exploring this place.
 F = Levels seen in this place.
 G = Mean time per level.
                   A        B        C        D        E       F      G
               +--------+--------+--------+--------+--------+-----+--------+
         Total |    411 |    411 |      0 |     91 |    243 |   1 |  411.0 |
       Dungeon |    411 |    411 |      0 |     91 |    243 |   1 |  411.0 |
               +--------+--------+--------+--------+--------+-----+--------+

Top non-repeatable levels by time:
     D:1: 411 daAuts
